 Dungeon Crawl Stone Soup version 0.22-b1-21-g5cfc168 (webtiles) character file.

21007 dvd the Geomancer (level 12, -10/99 HPs)
             Began as a Deep Dwarf Earth Elementalist on Aug 5, 2018.
             Was a High Priest of Makhleb.
             Mangled by a minotaur
             ... wielding the +3 short sword of Virtue {pierce, Dex+5 Stlth+}
              (19 damage)
             ... in a labyrinth on Aug 6, 2018.
             The game lasted 01:03:25 (16225 turns).

dvd the Geomancer (Deep Dwarf Earth Elementalist)  Turns: 16225, Time: 01:03:26

Health: -10/99     AC: 11    Str: 13    XL:     12   Next: 50%
Magic:  7/24       EV: 17    Int: 26    God:    Makhleb [*****.]
Gold:   853        SH:  0    Dex: 22    Spells: 21/30 levels left

rFire    . . .     SeeInvis +   b - +10 quarterstaff "Nololur" {holy, +Blink +Inv Int+4}
rCold    . . .     Gourm    +   (shield currently unavailable)
rNeg     + . .     Faith    .   u - +3 leather armour {MR+}
rPois    +         Spirit   .   O - +1 hat {SInv}
rElec    .         Reflect  .   (no cloak)
rCorr    .         Harm     .   I - +0 pair of gloves
MR       ++...                  o - +2 pair of boots
Stlth    +++.......             K - amulet of the gourmand
HPRegen  0.00/turn              g - +4 ring of dexterity
MPRegen  0.19/turn              H - ring "Buz Olliub" {rN+ Int+2 Dex+5}

@: non-regenerating
A: damage resistance, heal wounds, deterioration 1, sense surroundings 2, poison
resistance, no regeneration
a: Heal Wounds, Minor Destruction, Lesser Servant of Makhleb, Major Destruction,
Greater Servant of Makhleb, Renounce Religion, Evoke Blink, Evoke Invisibility


You were in a labyrinth.
You worshipped Makhleb.
Makhleb was extremely pleased with you.
You were very full.

You visited 3 branches of the dungeon, and saw 14 of its levels.
You also visited: Labyrinth, Ossuary and Volcano.

You collected 1029 gold pieces.
You spent 176 gold pieces at shops.

Inventory:

Hand Weapons
 b - the +10 quarterstaff "Nololur" (weapon) {holy, +Blink +Inv Int+4}
   (You found it on level 6 of the Dungeon)

   It has been blessed by the Shining One to cause great damage to the undead
   and demons.
   It affects your intelligence (+4).
   It lets you turn invisible.
   It lets you blink.
 q - a +2 flail of crushing
 A - a +2 morningstar of protection
Missiles
 i - 33 tomahawks
 k - 65 stones (quivered)
Armour
 o - a +2 pair of boots (worn)
 u - a +3 leather armour of magic resistance (worn)
 B - a +0 chain mail of fire resistance
 C - a +0 pair of boots of stealth
 F - a +1 leather armour of cold resistance
 I - a +0 pair of gloves (worn)
 N - a +2 scale mail of fire resistance
 O - a +1 hat of see invisible (worn)
Jewellery
 g - a +4 ring of dexterity (left hand)
 H - the ring "Buz Olliub" (right hand) {rN+ Int+2 Dex+5}
   (You found it on level 8 of the Dungeon)

   [ring of dexterity]

   It affects your intelligence (+2).
   It affects your dexterity (+5).
   It protects you from negative energy.
 K - an amulet of the gourmand (around neck)
Wands
 a - a wand of enslavement (21)
 f - a wand of iceblast (11)
 t - a wand of flame (48)
 E - a wand of digging (6)
 G - a wand of random effects (52)
Scrolls
 c - 2 scrolls of amnesia
 e - a scroll of blinking
 h - 21 scrolls of identify
 r - 3 scrolls of teleportation
 x - 5 scrolls of remove curse
 D - 2 scrolls of enchant weapon
 Q - a scroll of fear
Potions
 j - 4 potions of curing
 l - 2 potions of brilliance
 p - 2 potions of resistance
Comestibles
 d - 27 rations


   Skills:
 + Level 4.1 Fighting
 + Level 4.6(6.4) Maces & Flails
 + Level 6.3(6.9) Staves
 + Level 0.5 Throwing
 + Level 4.2 Armour
 + Level 6.0 Dodging
 + Level 5.7 Stealth
 + Level 9.6 Spellcasting
 + Level 5.6 Conjurations
   Level 0.8 Transmutations
 + Level 14.3 Earth Magic
 + Level 1.9 Evocations


You had 21 spell levels left.
You knew the following spells:

 Your Spells              Type           Power        Failure   Level  Hunger
a - Sandblast             Erth           ######       0%          1    None
b - Stone Arrow           Conj/Erth      ######       1%          3    None
c - Lee's Rapid Deconstr  Erth           ######....   1%          5    ####...

Your spell library contained the following spells:

 Spells                   Type           Power        Failure   Level  Hunger
 Passwall                 Tmut/Erth      ######..     1%          2    None
 Petrify                  Tmut/Erth      ######..     2%          4    None


Dungeon Overview and Level Annotations

Branches:
Dungeon (11/15)            Temple (1/1) D:6            Lair (2/6) D:9
    Orc (0/2) D:10
  Swamp: Lair:2-4    Shoals: Lair:2-4     Snake: Lair:2-4    Spider: Lair:2-4

Altars:
Ashenzari
Cheibriados
Dithmenos
Elyvilon
Fedhas
Gozag
Hepliaklqana
Kikubaaqudgha
Makhleb
Nemelex Xobeh
Okawaru
Qazlal
Ru
Sif Muna
Trog
Uskayaw
Vehumet
Wu Jian
Xom
Yredelemnul
Zin
The Shining One

Shops:
D:6 =   D:8 *   D:9 }


Innate Abilities, Weirdness & Mutations

You are resistant to damage.
You can heal yourself by infusing magical energy.
You passively map the area around you.
You do not regenerate.
Your body sometimes deteriorates upon taking damage.
Your system is resistant to poisons. (rPois)


Message History

Confirm with . or Enter, or press ? or * to list all spells.
Aiming: Stone Arrow (safe; 1% risk of failure)
Press: ? - help, Shift-Dir - straight line, f/p - minotaur
Aim: a minotaur, wielding a translucent short sword {pierce}, wearing a plate armour and wearing a runed copper ring (heavily wounded)
The stone arrow hits the minotaur.
The minotaur is severely wounded.
The minotaur hits you with an uncursed translucent short sword {pierce}!!
* * * LOW HITPOINT WARNING * * *
x2 The minotaur gores you!
* * * LOW HITPOINT WARNING * * *
Unknown command.
Casting: Stone Arrow (safe; 1% risk of failure)
Confirm with . or Enter, or press ? or * to list all spells.
Aiming: Stone Arrow (safe; 1% risk of failure)
Press: ? - help, Shift-Dir - straight line, f/p - minotaur
Aim: a minotaur, wielding a translucent short sword {pierce}, wearing a plate armour and wearing a runed copper ring (severely wounded)
The stone arrow hits the minotaur.
The minotaur is almost dead.
The minotaur hits you with an uncursed translucent short sword {pierce}!!
You die...

# . . . . .# ### #.#
# #.#######
#.#...#.#.# #..... .
# #.... . ....## . .
#..#########.. # # #.
# |8[8.8#.#### #.#. .
# ... ..'(...# #.# .#
/8(8.8#H.#.#
..#..#########@.# # #
... ........## #. .
.....#...#.....#
#######.#.#.#####.#s#
...#...# # # ######


You could see a minotaur.

Vanquished Creatures
  A two-headed ogre (D:9)
  2 death yaks (Lair:1)
  A hell knight (Volcano)
  A salamander mystic (Volcano)
  An unseen horror (D:10)
  2 ugly things (D:11)
  2 oklob plants (Lair:1)
  6 salamanders (Volcano)
  An elephant (D:9)
  2 black mambas
  3 spiny frogs
  The ghost of zapotec the Skirmisher, a novice OpTm (D:5)
  A troll (D:10)
  3 slime creatures (D:9)
  5 hippogriffs
  A wraith (D:11)
  7 yaks
  3 fire bats (Lair:2)
  3 wyverns
  A steam dragon (D:10)
  2 basilisks
  Edmund (D:6)
  4 water moccasins
  4 orc warriors
  4 sky beasts
  2 black bears
  2 necrophages
  2 ice beasts
  5 ogres
  A phantom (D:5)
  4 centaurs
  An eye of draining (D:11)
  3 wolves (Lair:2)
  6 big kobolds
  7 crocodiles
  7 gnoll sergeants (D:10)
  11 bullfrogs
  7 water moccasin zombies (Ossuary)
  A scorpion (D:4)
  5 killer bees
  A howler monkey (D:6)
  5 crimson imps
  7 electric eels
  3 jellies
  5 orc priests
  2 bullfrog skeletons
  2 centaur skeletons
  4 hounds
  9 orc wizards
  Ijyb (D:3)
  2 iguanas
  7 worker ants
  3 big kobold zombies (Ossuary)
  A hound zombie (D:8)
  2 hound skeletons
  Robin (D:4)
  2 mummies (Ossuary)
  2 worker ant zombies
  10 gnolls
  12 adders
  2 shadow imps
  4 oozes
  An adder skeleton (D:8)
  3 adder zombies
  2 worms
  3 dart slugs
  6 leopard geckos
  55 orcs
  3 bats
  3 giant cockroaches
  12 goblins
  7 hobgoblins
  12 jackals
  13 kobolds
  6 quokkas
  2 frilled lizards
  5 gnoll zombies (Ossuary)
  5 hobgoblin zombies (Ossuary)
  A jackal zombie (D:5)
  5 kobold zombies (Ossuary)
  A leopard gecko skeleton (D:5)
  A leopard gecko zombie (D:8)
  5 orc zombies (Ossuary)
  4 rats
  A butterfly (D:6)
  A plant (Lair:1)
370 creatures vanquished.

Vanquished Creatures (others)
  3 fungi (Lair:2)
  13 plants
16 creatures vanquished.

Grand Total: 386 creatures vanquished

Notes
Turn   | Place    | Note
-------+----------+-------------------------------------------
     0 | D:1      | dvd the Deep Dwarf Earth Elementalist began the quest for the Orb.
     0 | D:1      | Reached XP level 1. HP: 15/15 MP: 3/3
   238 | D:1      | Reached XP level 2. HP: 22/22 MP: 1/4
   577 | D:2      | Reached skill level 5 in Earth Magic
   581 | D:2      | Reached XP level 3. HP: 28/28 MP: 2/6
   586 | D:2      | Learned a level 3 spell: Stone Arrow
   933 | D:2      | Reached XP level 4. HP: 36/36 MP: 3/7
  1839 | D:3      | Noticed Ijyb
  1855 | D:3      | Killed Ijyb
  1855 | D:3      | Reached skill level 6 in Earth Magic
  1855 | D:3      | Reached XP level 5. HP: 22/43 MP: 0/9
  2545 | D:4      | Found a shimmering altar of Xom.
  2546 | D:4      | Noticed Robin
  2824 | D:4      | Reached XP level 6. HP: 43/50 MP: 2/10
  2971 | D:4      | Reached skill level 7 in Earth Magic
  3544 | D:4      | Reached skill level 1 in Maces & Flails
  3547 | D:4      | Reached skill level 1 in Fighting
  3834 | D:5      | Entered Level 5 of the Dungeon
  4091 | D:5      | Reached skill level 1 in Armour
  4091 | D:5      | Reached skill level 1 in Conjurations
  4091 | D:5      | Reached XP level 7. HP: 47/57 MP: 1/12
  4314 | D:5      | Found a runed gate.
  4314 | D:5      | Found a runed gate.
  4324 | D:5      | Found a runed gate.
  4324 | D:5      | Found an opulent altar of Gozag.
  4327 | D:5      | Noticed zapotec's ghost (novice OpTm)
  4446 | D:5      | Learned a level 5 spell: Lee's Rapid Deconstruction
  4607 | D:5      | Killed zapotec's ghost
  4607 | D:5      | Reached XP level 8. HP: 29/66 MP: 3/14
  5065 | D:6      | Reached skill level 8 in Earth Magic
  5081 | D:6      | HP: 1/67 [ogre/giant club (14)]
  5375 | D:6      | Found Gyrph's Jewellery Shop.
  5772 | D:6      | Gained mutation: Your body sometimes deteriorates upon taking damage. [potion of mutation]
  5772 | D:6      | Gained mutation: Your system is resistant to poisons. (rPois) [potion of mutation]
  5816 | D:6      | HP: 1/67 [leopard gecko (3)]
  5821 | D:6      | Found a staircase to the Ecumenical Temple.
  5844 | D:6      | Noticed Edmund
  5852 | Temple   | Entered the Ecumenical Temple
  5943 | Temple   | Became a worshipper of Makhleb the Destroyer
  5981 | D:6      | Killed Edmund
  6436 | D:6      | Reached skill level 5 in Spellcasting
  6557 | D:6      | Gained mutation: You passively map the area around you. [Deep Dwarf growth]
  6557 | D:6      | Reached XP level 9. HP: 44/73 MP: 7/16
  6865 | D:6      | Got a steaming quarterstaff
  6866 | D:6      | Identified the +10 quarterstaff "Nololur" {holy, +Blink +Inv Int+4} (You found it on level 6 of the Dungeon)
  7437 | D:7      | Reached skill level 9 in Earth Magic
  7756 | D:7      | Reached skill level 1 in Staves
  7996 | D:4      | Killed Robin
  8000 | D:4      | Reached * piety under Makhleb
  8362 | D:8      | Found Hedih's Assorted Antiques.
  8365 | D:8      | Bought a potion of curing for 66 gold pieces
  8365 | D:8      | Bought a potion of heal wounds for 110 gold pieces
  8509 | D:8      | Reached skill level 5 in Stealth
  8509 | D:8      | Reached skill level 10 in Earth Magic
  8522 | D:8      | Got a coiled pewter ring
  8525 | D:8      | Identified the ring "Buz Olliub" {rN+ Int+2 Dex+5} (You found it on level 8 of the Dungeon)
  8553 | D:8      | Found a sand-covered staircase.
  8562 | Ossuary  | Entered an ossuary
  8590 | Ossuary  | Reached ** piety under Makhleb
  8647 | Ossuary  | Reached XP level 10. HP: 81/81 MP: 12/19
  9646 | D:9      | Found a staircase to the Lair.
  9646 | D:9      | Noticed an elephant
  9653 | D:9      | Reached *** piety under Makhleb
  9667 | D:9      | Killed an elephant
  9870 | D:9      | Noticed a two-headed ogre
  9874 | D:9      | Killed a two-headed ogre
  9874 | D:9      | Reached skill level 11 in Earth Magic
 10262 | D:9      | Found Zepaipt's Gadget Shoppe.
 10328 | D:9      | HP: 2/84 [very large slime creature (48)]
 10743 | Lair:1   | Entered Level 1 of the Lair of Beasts
 10743 | Lair:1   | Noticed a black mamba
 10746 | Lair:1   | Killed a black mamba
 10746 | Lair:1   | Reached skill level 5 in Staves
 10886 | Lair:1   | Noticed an oklob plant
 10887 | Lair:1   | Noticed an oklob plant
 11173 | Lair:1   | Reached XP level 11. HP: 90/90 MP: 15/22
 11621 | Lair:1   | Killed an oklob plant
 11621 | Lair:1   | Reached skill level 12 in Earth Magic
 11621 | Lair:1   | Killed an oklob plant
 11621 | Lair:1   | Reached skill level 5 in Dodging
 11743 | Lair:2   | Noticed a death yak
 11743 | Lair:2   | Noticed a death yak
 11743 | Lair:2   | Noticed a death yak
 11743 | Lair:2   | Noticed a death yak
 11744 | Lair:2   | Noticed a death yak
 11772 | Lair:1   | Killed a death yak
 12319 | Lair:2   | Reached skill level 5 in Conjurations
 12410 | Lair:2   | Found a dark tunnel.
 12428 | Volcano  | Entered a volcano
 12547 | Volcano  | Noticed a salamander mystic
 12557 | Volcano  | Killed a salamander mystic
 12580 | Volcano  | Reached skill level 13 in Earth Magic
 12605 | Volcano  | Found a radiant altar of Vehumet.
 12606 | Volcano  | Noticed a hell knight
 12616 | Volcano  | Reached skill level 1 in Evocations
 12741 | Volcano  | Killed a hell knight
 12825 | Volcano  | HP: 1/90 [salamander/spear (6)]
 13079 | Lair:2   | Reached **** piety under Makhleb
 13082 | Lair:2   | Identified a scroll of acquirement
 13724 | Lair:1   | Killed a death yak
 13724 | Lair:1   | Reached XP level 12. HP: 58/97 MP: 0/23
 14140 | D:10     | Entered Level 10 of the Dungeon
 15189 | D:10     | Reached skill level 14 in Earth Magic
 15197 | D:10     | Found a staircase to the Orcish Mines.
 15495 | D:10     | Found a shattered altar of Ashenzari.
 15499 | D:10     | Saw a vision of the Swamp and the Spider Nest.
 15499 | D:10     | Noticed an alligator
 15499 | D:10     | Noticed an alligator
 15755 | D:11     | Reached ***** piety under Makhleb
 15931 | D:11     | Found a labyrinth entrance.
 15958 | Lab      | Entered a labyrinth
 16213 | Lab      | Noticed a minotaur
 16225 | Lab      | Identified the +3 short sword of Virtue {pierce, Dex+5 Stlth+}
 16225 | Lab      | Mangled by a minotaur

Skill      XL: |  1  2  3  4  5  6  7  8  9 10 11 12 |
---------------+-------------------------------------+-----
Spellcasting   | 2 3 4 5 6 7 8 9 |  9.6
Earth Magic    | 5 6 7 8 10 11 13 14 | 14.3
Stealth        | 3 4 5 |  5.7
Maces & Flails | 2 3 4 |  4.6
Fighting       | 1 2 3 4 |  4.1
Armour         | 1 2 3 4 |  4.2
Conjurations   | 1 2 3 4 5 |  5.6
Dodging        | 3 4 5 6 |  6.0
Staves         | 3 5 6 |  6.3
Evocations     | 1 |  1.9
Throwing       | |  0.5
Transmutations | |  0.8

Action                   |  1- 3 |  4- 6 |  7- 9 | 10-12 || total
-------------------------+-------+-------+-------+-------++-------
Melee: Flail             |       |    75 |   169 |       ||   244
       Quarterstaff      |       |       |    81 |   191 ||   272
Throw: Tomahawk          |       |       |     7 |       ||     7
 Cast: Sandblast         |    29 |    81 |    13 |    38 ||   161
       Stone Arrow       |     2 |    26 |    80 |   147 ||   255
       Lee's Rapid Decon |       |       |    13 |    49 ||    62
 Abil: Heal Wounds       |       |       |     3 |     3 ||     6
       Evoke Blink       |       |       |       |     3 ||     3
Evoke: Wand              |       |       |       |    12 ||    12
  Use: Potion            |       |     5 |     8 |    10 ||    23
       Scroll            |       |     1 |     9 |     9 ||    19
 Stab: Sleeping          |       |     2 |     8 |       ||    10
       Invisible         |       |       |     1 |       ||     1
       Distracted        |       |       |     1 |       ||     1
  Eat: Chunk             |     1 |    12 |    16 |    45 ||    74
       Ration            |       |       |     2 |       ||     2
Armor: Robe              |     1 |     3 |       |       ||     4
       Leather armour    |       |    29 |    87 |    79 ||   195
Dodge: Dodged            |     2 |    91 |   197 |   211 ||   501
